 Dungeon Crawl Stone Soup version 0.28.0-45-g0d030f2227 (webtiles) character file.

Game seed: 5249760563742845037

63 Eitelfritz the Cudgeller (level 3, -3/33 HPs)
             Began as a Minotaur Gladiator on Apr 8, 2022.
             Killed from afar by an orc wizard (6 damage)
             ... with a magic dart
             ... on level 2 of the Dungeon.
             The game lasted 00:03:00 (2253 turns).

Eitelfritz the Cudgeller (Minotaur Gladiator)       Turns: 2253, Time: 00:03:02

Health: -3/33      AC:  5    Str: 18    XL:     3   Next: 87%
Magic:  2/2        EV: 11    Int:  7    God:
Gold:   118        SH:  0    Dex: 11    Spells: 2/2 levels left

rFire   . . .      SeeInvis .   a - +0 flail
rCold   . . .      Faith    .   (no shield)
rNeg    . . .      Spirit   .   e - +0 ring mail
rPois   .          Reflect  .   c - +0 hat
rElec   .          Harm     .   (no cloak)
rCorr   .          Rampage  .   (no gloves)
Will    .....                   (no boots)
Stlth   ..........              (no amulet)
HPRegen 0.11/turn               (no ring)
MPRegen 0.08/turn               (no ring)

@: confused, studying Dodging
A: horns 2, retaliatory headbutt
a: no special abilities


You were on level 2 of the Dungeon.
You visited 1 branch of the dungeon, and saw 3 of its levels.

You collected 118 gold pieces.

Inventory:

Hand Weapons
 a - a +0 flail (weapon)
Missiles
 d - 3 throwing nets (quivered)
 g - 50 arrows
Armour
 c - a +0 hat (worn)
 e - a +0 ring mail (worn)
Scrolls
 b - a scroll of summoning {unknown}
 i - a scroll of torment {unknown}
 j - a scroll of magic mapping {unknown}
Potions
 f - a potion of flight {unknown}
 h - a potion of might {unknown}


   Skills:
 + Level 3.7 Fighting
 + Level 4.2 Maces & Flails
 + Level 2.2 Throwing
 + Level 1.3 Armour
 + Level 3.7 Dodging


You had 2 spell levels left.
You didn't know any spells.
Your spell library contained the following spells:

 Spells                   Type           Power      Damage    Failure   Level
 Cause Fear               Hex            0%         N/A       100%        4
 Dragon Form              Tmut           0%         N/A       100%        7
 Dragon's Call            Summ           0%         N/A       100%        9


Dungeon Overview and Level Annotations

Branches:
Dungeon (3/15)

Altars:


Innate Abilities, Weirdness & Mutations

You have a pair of horns on your head.
You reflexively headbutt those who attack you in melee.


Message History

The orc wizard hits you but does no damage.
The orc wizard points at you and mumbles some strange words.
You are confused.
The orc wizard barely misses you.
In your confused state, you trip and fall back down the stairs.
A worm comes into view.
The orc wizard gestures at you while chanting.
The magic dart hits you! The orc wizard barely misses you.
The orc priest looks satisfied for a moment.
The rat twitches its whiskers.
The orc wizard hits you with a +0 dagger.
The orc wizard casts a spell at you. The puff of flame hits you.
In your confused state, you trip and fall back down the stairs.
The orc closely misses you.
The orc priest miscasts a cantrip.
The orc wizard hits you but does no damage.
The orc wizard barely misses you. The rat bites you but does no damage.
The orc priest invokes the aid of Beogh against you.
Beogh smites you!
* * * LOW HITPOINT WARNING * * *
The orc closely misses you.
The orc wizard hits you with a +0 dagger.
* * * LOW HITPOINT WARNING * * *
The orc wizard casts a spell.
The orc wizard flickers and vanishes!
Deactivating autopickup; reactivate with Ctrl-A.
The orc wizard hits you with a +0 dagger.
* * * LOW HITPOINT WARNING * * *
You climb upwards.
Reactivating autopickup.
There is a stone staircase leading down here.
You're too confused to move!
The rat closely misses you. The orc hits you with a +0 mace.
* * * LOW HITPOINT WARNING * * *
The orc wizard hits you but does no damage.
The orc wizard gestures at you while chanting.
The magic dart hits you.
You die...

#.#.....#........<.............
#.#............................
#.######.......................
#.# #.......................
###.# #.....>.................
....######.......................
###.....^..........####.###....##
..#.#######....or..# #.# #....#
..#.# #.....@..# #.# #....# ..#.#
#.....oo.# #.###....#
..#.#######........# #........#
...................# #........##
..################## #........#.
...........# ########.#.#....#.
.........#.# #......#.#.#....#.
.........#.# #.###.####.#....#.
.........#.# #.###.# #.#....#.


You could see 2 orc wizards, an orc and a rat.

Vanquished Creatures
  2 adders (D:2)
  A dart slug (D:1)
  4 ball pythons
  5 bats
  2 endoplasms
  4 giant cockroaches
  5 goblins
  2 hobgoblins
  5 kobolds
  2 quokkas (D:1)
  4 frilled lizards
  3 rats
39 creatures vanquished.

Notes
Turn   | Place    | Note
-------+----------+-------------------------------------------
     0 | D:1      | Eitelfritz the Minotaur Gladiator began the quest for the
                  | Orb.
     0 | D:1      | Reached XP level 1. HP: 18/18 MP: 0/0
   123 | D:1      | Reached XP level 2. HP: 22/25 MP: 1/1
   891 | D:1      | Reached skill level 4 in Maces & Flails
  1320 | D:2      | Reached XP level 3. HP: 31/31 MP: 2/2
  1344 | D:2      | Reached skill level 1 in Armour
  2253 | D:2      | Killed from afar by an orc wizard

Illustrated notes

Levels and vault maps discovered:
D:1:      zaba_arrival_water, layout_loops_corners, minmay_misc_feat_tower,
          minmay_tromino_v7
D:2:      layout_basic
D:3:      layout_basic, zin_treasury, lemuel_round_altar,
          hellmonk_ecumenical_altar_arch_garden

Skill      XL: |  1  2  3 |
---------------+----------+-----
Fighting       | 3 |  3.7
Maces & Flails | 4 |  4.2
Armour         | 1 |  1.3
Throwing       | |  2.2
Dodging        | |  3.7

Action                   || total
-------------------------++-------
Melee: Flail             ||    85
       Headbutt          ||     8
       Punch             ||     1
Armor: Ring mail         ||    43
Dodge: Dodged            ||    73
